 Dungeon Crawl Stone Soup version 0.23.2 (webtiles) character file.

Game seed: 14895247083865454688

96 CedricTheThird the Cudgeler (level 4, -15/28 HPs)
             Began as a Gargoyle Monk on Apr 10, 2019.
             Demolished by an ogre
             ... wielding a +0 giant club
              (22 damage)
             ... on level 3 of the Dungeon.
             The game lasted 00:03:38 (1886 turns).

CedricTheThird the Cudgeler (Gargoyle Monk)         Turns: 1886, Time: 00:03:39

Health: -15/28     AC: 12    Str: 13 (16) XL:     4   Next: 67%
Magic:  4/4        EV:  5    Int:  7 (10) God:
Gold:   163        SH:  3    Dex: 10 (12) Spells: 3/3 levels left

rFire    . . .     SeeInvis .   a - +0 mace
rCold    . . .     Gourm    .   f - +0 buckler
rNeg     + . .     Faith    .   l - +0 chain mail
rPois    ∞         Spirit   .   d - +0 helmet
rElec    +         Reflect  .   (no cloak)
rCorr    .         Harm     .   (no gloves)
MR       .....                  (no boots)
Stlth    ..........             (no amulet)
HPRegen  0.09/turn              (no ring)
MPRegen  0.09/turn              (no ring)

@: no status effects
A: negative energy resistance 1, electricity resistance, unbreathing,
petrification resistance, rot immunity, AC +3
a: no special abilities


You were on level 3 of the Dungeon.
You were not hungry.

You visited 1 branch of the dungeon, and saw 3 of its levels.

You collected 163 gold pieces.

Inventory:

Hand Weapons
 a - a +0 mace (weapon)
Armour
 d - a +0 helmet (worn)
 f - a +0 buckler (worn)
 l - a +0 chain mail (worn)
Jewellery
 h - an uncursed ring of stealth
Scrolls
 j - 2 scrolls of identify
Potions
 e - a potion of degeneration
 k - a potion of heal wounds
Comestibles
 c - 4 rations
 m - a chunk of flesh


   Skills:
 - Level 3.2 Fighting
 + Level 5.3 Maces & Flails
 - Level 2.4 Dodging
 - Level 2.1 Stealth


You had 3 spell levels left.
You didn't know any spells.
Your spell library was empty.

Dungeon Overview and Level Annotations

Branches:
Dungeon (3/15)

Altars:


Innate Abilities, Weirdness & Mutations

You are resistant to torment.
Your stone body is resilient. (AC +3)
You are immune to poison.
You resist negative energy. (rN+)
You are resistant to electric shocks. (rElec)
You can survive without breathing.
You are immune to petrification.
You are immune to rotting.


Message History

There was something very wrong with that liquid.
You feel weakened.
You feel dopey.
You feel clumsy.
It was a potion of curing.
You feel better. The ogre hits you with a +0 giant club.
As you read the scroll labeled YTIOM AMEINK, it crumbles to dust.
It is a scroll of amnesia.
You feel forgetful for a moment. The ogre hits you with a +0 giant club.
As you read the scroll labeled ROCOXE UROUVE, it crumbles to dust.
You feel blessed for a moment.
It was a scroll of remove curse.
You block the ogre's attack.
As you read the scroll labeled IHEASA ZIRANK, it crumbles to dust.
It is a scroll of identify.
h - an uncursed ring of stealth You hit the ogre.
The ogre is lightly wounded.
The ogre hits you with a +0 giant club!
* * * LOW HITPOINT WARNING * * *
The ogre hits you with a +0 giant club!!
Ouch! That really hurt!
You die...

........# ####.###
....[...# #.# ........#
#.#### ........# #....#
........##########
#######.#
........##.......#
#.......#
(.......##.......##
####.#######
##########.....<..###....#
# #.....O@...#.#### .
#....##'##.#.#..######## .
#....#...#...#.........#
..
#....#.⌠.#.####.######.#
#....#...#......#### #.#
####.##'##.........# #.#
#..................# #.#
#..................# #.#
#..................###.#


You could see an ogre.

Vanquished Creatures
  A hound skeleton (D:3)
  3 adders
  A worm (D:3)
  A dart slug (D:2)
  3 leopard geckos
  A giant cockroach (D:1)
  4 goblins
  5 hobgoblins
  6 jackals
  10 bats
  8 kobolds
  6 rats
49 creatures vanquished.

Notes
Turn   | Place    | Note
-------+----------+-------------------------------------------
     0 | D:1      | CedricTheThird the Gargoyle Monk began the quest for the
                  | Orb.
     0 | D:1      | Reached XP level 1. HP: 14/14 MP: 1/1
   182 | D:1      | Reached XP level 2. HP: 17/19 MP: 2/2
   421 | D:1      | Reached skill level 4 in Maces & Flails
   546 | D:2      | Reached XP level 3. HP: 22/23 MP: 3/3
  1318 | D:2      | Reached XP level 4. HP: 28/28 MP: 4/4
  1494 | D:3      | Reached skill level 5 in Maces & Flails
  1790 | D:3      | Noticed an ogre
  1886 | D:3      | Demolished by an ogre

Skill      XL: |  1  2  3  4 |
---------------+-------------+-----
Maces & Flails | 4 5 |  5.3
Fighting       | |  3.2
Dodging        | |  2.4
Stealth        | |  2.1

Action                   |  1- 3 |  4- 6 || total
-------------------------+-------+-------++-------
Melee: Mace              |   119 |    62 ||   181
  Use: Scroll            |       |     3 ||     3
       Potion            |       |     3 ||     3
  Eat: Chunk             |       |     3 ||     3
Armor: Robe              |     9 |       ||     9
       Leather armour    |    20 |       ||    20
       Scale mail        |    48 |    15 ||    63
       Chain mail        |       |    29 ||    29
Dodge: Dodged            |    90 |    28 ||   118
Block: Buckler           |       |     3 ||     3
